 Dungeon Crawl Stone Soup version 0.29-a0-410-g9596d59a08 (webtiles) character file.

Game seed: 4913258653471889542

11153 Ge0ff the Basher (level 11, -12/67 HPs)
             Began as a Gargoyle Monk on May 13, 2022.
             Was a High Priest of Wu Jian.
             Mangled by a freezing wraith (28 damage)
             ... on level 2 of the Abyss on May 14, 2022.
             The game lasted 00:38:04 (11512 turns).

Ge0ff the Basher (Gargoyle Monk)                   Turns: 11512, Time: 00:38:04

Health: -12/67     AC: 31    Str: 32    XL:     11   Next: 73%
Magic:  12/12      EV: 10    Int: 10    God:    Wu Jian [*****.]
Gold:   725        SH:  5    Dex: 14    Spells: 10/10 levels left

rFire   . . .      SeeInvis .   a - +2 flail (protect)
rCold   x . .      Faith    .   V - +0 buckler
rNeg    + + .      Spirit   .   J - +2 chain mail of the Untouchables {rN+}
rPois   ∞          Reflect  .   (helmet restricted)
rElec   +          Harm     .   (no cloak)
rCorr   +          Rampage  .   I - +1 pair of gloves
Will    .....                   Y - +0 pair of boots
Stlth   ..........              (no amulet)
HPRegen 0.21/turn               Q - ring "Hepnaam" {rC- rCorr Str+6 Dex+2 Slay+4, =R}
MPRegen 0.13/turn               D - +6 ring of strength

@: under a protective aura
A: sickness immunity, AC +8, negative energy resistance 1, electricity
resistance, torment resistance 1, petrification resistance, horns 1, low MP 1
a: Renounce Religion, Wall Jump, Serpent's Lash, Heavenly Storm


You were on level 2 of the Abyss.
You worshipped Wu Jian.
Wu Jian was extremely pleased with you.
You visited 1 branch of the dungeon, and saw 9 of its levels.
You visited the Abyss 1 time.

You collected 725 gold pieces.

Inventory:

Hand Weapons
 a - a +2 flail of protection (weapon)
 b - a +1 whip of draining
 x - a +2 short sword of protection
 N - a +1 hand axe of electrocution
 R - a +0 morningstar
Missiles
 g - 2 throwing nets {=F}
 r - 169 stones
 v - a curare-tipped dart {=F}
 G - 5 atropa-tipped darts
 L - 8 javelins
 U - 12 poisoned darts
 W - 8 boomerangs (quivered)
Armour
 I - a +1 pair of gloves (worn)
 J - the +2 chain mail of the Untouchables (worn) {rN+}
   (You found it on level 7 of the Dungeon)

   rN:        It protects you from negative energy.
 S - a +0 helmet
 V - a +0 buckler (worn)
 Y - a +0 pair of boots (worn)
Jewellery
 D - a +6 ring of strength (right hand)
 Q - the ring "Hepnaam" (left hand) {rC- rCorr Str+6 Dex+2 Slay+4, =R}
   (You found it on level 3 of the Dungeon)

   [ring of strength]

   Str:       It affects your strength (+6).
   Dex:       It affects your dexterity (+2).
   Slay:      It affects your accuracy & damage with ranged weapons and melee
   (+4).
   rC:        It makes you vulnerable to cold.
   rCorr:     It protects you from acid and corrosion.
Wands
 e - a wand of charming (4)
 f - a wand of flame (4)
 j - a wand of acid (3)
 P - a wand of polymorph (9)
Scrolls
 m - a scroll of magic mapping
 y - 2 scrolls of immolation
 F - 2 scrolls of fog
 M - 4 scrolls of enchant weapon
Potions
 q - 2 potions of curing
 u - 2 potions of mutation {!q}
 z - 2 potions of brilliance
 A - 2 potions of attraction
 K - 2 potions of magic {!q}
 X - a potion of flight
 Z - a potion of berserk rage {!q}
Miscellaneous
 O - a box of beasts (inert)


   Skills:
 + Level 7.3 Fighting
 - Level 14.0 Maces & Flails
 + Level 1.9 Throwing
 + Level 7.3 Armour
 + Level 3.3 Dodging
 - Level 2.1 Stealth
 - Level 5.0 Shields
 - Level 3.4 Invocations
 + Level 3.4 Evocations


You had 10 spell levels left.
You didn't know any spells.
Your spell library contained the following spells:

 Spells                   Type           Power      Damage    Failure   Level
 Freeze                   Ice            0%         1d3       89%         1
 Frozen Ramparts          Ice            0%         1d2       99%         3
 Hailstorm                Conj/Ice       0%         3d3       100%        4


Dungeon Overview and Level Annotations

Branches:
Dungeon (9/15)             Temple (0/1) D:4            Lair (0/6) D:8
    Orc: D:9-12

Altars:
Fedhas
Wu Jian

Shops:
D:2 :   D:8 [

Annotations:
D:1 Sifu - 6* Invo
D:9 Erolcha


Innate Abilities, Weirdness & Mutations

You are immune to sickness and miasma.
Your stone body is resilient. (AC +8)
You are immune to poison.
You resist negative energy. (rN+)
You are resistant to electric shocks. (rElec)
You are resistant to unholy torment.
You are immune to petrification.
You have a pair of small horns on your head.
Your magical capacity is low. (-10% MP)


Message History

Your raiju dies!
Your raiju's corpse dissolves into shadows!
The fireball engulfs the efreet.
The efreet completely resists.
The ynoxinul hits your starcursed mass.
Your starcursed mass shudders and is absorbed by its neighbour.
You hear a shout!
You spin and attack the flying skull.
You thump the flying skull!
Your weapon exudes an aura of protection.
You destroy the flying skull!
That felt strangely unrewarding.
You spin and attack the small abomination.
You thump the small abomination!
Your headbutt misses the small abomination.
The small abomination is almost destroyed.
The small abomination hits you but does no damage.
A starcursed mass splits.
The efreet gestures at your starcursed mass.
The fireball explodes!
The fireball engulfs your starcursed mass.
The fireball engulfs the ynoxinul!!
The ynoxinul dies!
The fireball engulfs your starcursed mass!!
The fireball engulfs the efreet.
The efreet completely resists.
Your starcursed mass shudders and is absorbed by its neighbour.
The small abomination hits you but does no damage.
You hear a shout!
The freezing wraith attacks as you move away!
You block the freezing wraith's attack.
The freezing wraith hits you but does no damage.
Your starcursed mass touches the efreet.
A blizzard demon comes into view.
The efreet hits your starcursed mass with a +3 scimitar of flaming!
The efreet burns your starcursed mass.
You spin and attack the small abomination repeatedly.
You barely miss the small abomination.
The small abomination is almost destroyed.
You closely miss the small abomination. You headbutt the small abomination.
You destroy the small abomination!
That felt strangely unrewarding.
You spin and attack the freezing wraith.
You hit the freezing wraith but do no damage.
The freezing wraith is severely damaged.
You feel less exhausted.
Your starcursed mass touches the efreet.
The efreet hits your starcursed mass with a +3 scimitar of flaming!!
The efreet burns your starcursed mass. The freezing wraith hits you!
* * * LOW HITPOINT WARNING * * *
The freezing wraith freezes you!!
You feel a terrible chill!
You die...

............#.....#.
..................s.
............# 3 .#
...##.....R## ..# ...
...##....X.## # # #
............##.. ## . .
............#.....#....
.......W............
.......@....#.....# . .
............##. .## ..
............# #. # # .#
...##......###. . ##
... #.....2# .....#. ..
.. ............... X.
.........#. . . ....
..........##.. # ...
##.# # .#


You could see a blizzard demon, a freezing wraith, an efreet (distracted, ally
target) and a friendly starcursed mass (summoned).

Vanquished Creatures
  Pikel (D:7)
  The ghost of haldagan the Covert, a novice KoBr of Uskayaw (D:7)
  2 cyclopes
  A manticore (D:8)
  Joseph (D:8)
  A guardian serpent (shapeshifter) (Abyss:2)
  Psyche (D:8)
  A freezing wraith (Abyss:2)
  Grinder (D:4)
  A raiju (Abyss:2)
  Prince Ribbit (D:7)
  Sigmund (D:4)
  A flying skull (Abyss:2)
  A wyvern (D:8)
  13 yaks
  Eustachio (D:5)
  2 steam dragons
  Menkaure (D:5)
  2 wargs (D:6)
  Edmund (D:5)
  2 water moccasins
  2 orc warriors (D:6)
  2 black bears (D:5)
  2 ice beasts
  2 centaurs (D:7)
  12 ogres
  A small abomination (Abyss:2)
  3 kobold brigands
  3 bullfrogs
  3 gnoll sergeants
  3 scorpions (D:5)
  Blork the orc (D:5)
  A necrophage (D:6)
  5 wights (D:7)
  9 killer bees (D:9)
  5 howler monkeys (D:6)
  2 quasits
  10 orc priests
  10 hounds
  A jelly (D:8)
  6 gnoll shamans
  4 iguanas
  Natasha (thrice) (D:3)
  18 orc wizards
  Terence (D:2)
  Robin (D:3)
  4 adders
  26 gnolls
  2 shadow imps (D:6)
  4 ufetubi
  4 worms
  4 dart slugs
  34 orcs
  8 bats
  3 endoplasms
  4 giant cockroaches
  12 goblins
  10 hobgoblins
  3 jackals (D:4)
  13 kobolds
  A quokka (D:1)
  6 ball pythons
  4 frilled lizards
  8 rats
297 creatures vanquished.

Vanquished Creatures (collateral kills)
  A large abomination (Abyss:2)
  An orc warrior (D:7)
  An orc priest (D:7)
  2 orcs (D:7)
5 creatures vanquished.

Vanquished Creatures (others)
  A ynoxinul (Abyss:2)
  An orc wizard (D:8)
  A bush (D:4)
  A plant (D:6)
4 creatures vanquished.

Grand Total: 306 creatures vanquished

Notes
Turn   | Place    | Note
-------+----------+-------------------------------------------
     0 | D:1      | Ge0ff the Gargoyle Monk began the quest for the Orb.
     0 | D:1      | Reached XP level 1. HP: 14/14 MP: 1/1
   210 | D:1      | Reached XP level 2. HP: 17/19 MP: 2/2
   759 | D:1      | Reached skill level 1 in Armour
   759 | D:1      | Reached XP level 3. HP: 22/23 MP: 3/3
   844 | D:1      | Reached skill level 4 in Maces & Flails
  1639 | D:2      | Noticed Terence
  1786 | D:2      | Reached XP level 4. HP: 29/29 MP: 4/4
  2076 | D:2      | Found Yliw's Book Shop.
  3103 | D:3      | Found a faded altar of an unknown god.
  3115 | D:3      | Prayed at the altar of an unknown god.
  3115 | D:3      | Became a worshipper of the Wu Jian Council
  3115 | D:3      | Reached * piety under Wu Jian
  3115 | D:3      | Reached ** piety under Wu Jian
  3121 | D:3      | Noticed Robin
  3121 | D:3      | Noticed Natasha
  3133 | D:3      | You fall into a shaft and drop 3 floors!
  3145 | D:6      | Reached XP level 5. HP: 25/33 MP: 5/5
  3147 | D:6      | Noticed an ogre
  3153 | D:6      | Reached *** piety under Wu Jian
  3154 | D:6      | Reached skill level 1 in Throwing
  3162 | D:6      | Killed an ogre
  3163 | D:6      | Reached skill level 5 in Maces & Flails
  3163 | D:6      | Reached XP level 6. HP: 25/38 MP: 6/6
  3177 | D:6      | Gained mutation: Your magical capacity is low. (-10% MP)
                  | [potion of mutation]
  3177 | D:6      | Gained mutation: You have a pair of small horns on your
                  | head. [potion of mutation]
  3208 | D:5      | Entered Level 5 of the Dungeon
  3382 | D:5      | Found a blossoming altar of Fedhas.
  3429 | D:4      | Reached skill level 6 in Maces & Flails
  3488 | D:4      | Noticed Grinder
  3503 | D:4      | Found a staircase to the Ecumenical Temple.
  3527 | D:4      | Reached XP level 7. HP: 8/43 MP: 6/6
  3861 | D:3      | Identified the ring "Hepnaam" {rC- rCorr Str+6 Dex+2
                  | Slay+4}
  3925 | D:3      | Killed Natasha
  3936 | D:3      | Reached skill level 7 in Maces & Flails
  3949 | D:3      | Killed Robin
  4080 | D:3      | Noticed Natasha
  4083 | D:3      | Killed Natasha
  4434 | D:3      | Noticed Natasha
  4440 | D:3      | Killed Natasha
  4649 | D:2      | Killed Terence
  5050 | D:4      | Noticed Sigmund
  5054 | D:4      | Killed Sigmund
  5055 | D:4      | Reached skill level 5 in Fighting
  5055 | D:4      | Reached skill level 8 in Maces & Flails
  5055 | D:4      | Reached XP level 8. HP: 49/49 MP: 7/7
  5267 | D:4      | Killed Grinder
  5613 | D:4      | Reached skill level 9 in Maces & Flails
  5873 | D:5      | Reached skill level 10 in Maces & Flails
  6264 | D:5      | Reached XP level 9. HP: 54/54 MP: 8/8
  6270 | D:5      | Noticed Blork the orc
  6275 | D:5      | Killed Blork the orc
  6324 | D:5      | Noticed Menkaure
  6339 | D:5      | Killed Menkaure
  6423 | D:5      | Noticed Edmund
  6424 | D:5      | Killed Edmund
  6425 | D:5      | Reached skill level 11 in Maces & Flails
  6670 | D:5      | Noticed Eustachio
  6673 | D:5      | Killed Eustachio
  6947 | D:6      | Reached skill level 12 in Maces & Flails
  7177 | D:6      | Reached skill level 13 in Maces & Flails
  7177 | D:6      | Reached XP level 10. HP: 59/59 MP: 9/9
  7199 | D:6      | Reached **** piety under Wu Jian
  7218 | D:6      | Noticed a cyclops
  7365 | D:6      | Killed a cyclops
  7598 | D:6      | Reached skill level 14 in Maces & Flails
  7792 | D:6      | Reached skill level 1 in Evocations
  8237 | D:6      | Reached skill level 1 in Shields
  8725 | D:7      | Reached ***** piety under Wu Jian
  9015 | D:7      | Reached skill level 5 in Armour
  9018 | D:7      | Reached XP level 11. HP: 60/66 MP: 9/9
  9096 | D:7      | Noticed haldagan's ghost (novice KoBr)
  9103 | D:7      | Found a runed translucent door.
  9125 | D:7      | Killed haldagan's ghost
  9192 | D:7      | Noticed Pikel
  9234 | D:7      | Killed Pikel
  9327 | D:7      | Identified the +2 chain mail of the Untouchables {rN+}
  9587 | D:7      | Noticed Prince Ribbit
  9591 | D:7      | Killed Prince Ribbit
  9778 | D:8      | Reached skill level 5 in Shields
  9871 | D:8      | Upgraded the game from 0.29-a0-409-gd843f3a48c to
                  | 0.29-a0-410-g9596d59a08
  9873 | D:8      | Noticed Joseph
  9896 | D:8      | Killed Joseph
  9982 | D:8      | Found a staircase to the Lair.
  9982 | D:8      | Noticed Psyche
  9989 | D:8      | Killed Psyche
  9990 | D:8      | Reached skill level 1 in Invocations
 10070 | D:8      | Noticed a manticore
 10076 | D:8      | Killed a manticore
 10316 | D:8      | Found Tarhunz's Dragon-Slaying Spoils.
 10762 | D:9      | Noticed a cyclops
 10773 | D:9      | Killed a cyclops
 11130 | D:9      | Noticed Erolcha
 11136 | D:9      | Cast into level 1 of the Abyss (Erolcha)
 11208 | Abyss:1  | Noticed a starcursed mass
 11236 | Abyss:1  | Found a corrupted altar of Lugonu.
 11353 | Abyss:1  | Noticed a large abomination
 11356 | Abyss:1  | Noticed a spatial maelstrom
 11442 | Abyss:2  | Noticed a starcursed mass
 11464 | Abyss:2  | Noticed a large abomination
 11503 | Abyss:2  | Killed a large abomination
 11511 | Abyss:2  | Noticed a blizzard demon
 11512 | Abyss:2  | Mangled by a freezing wraith

Illustrated notes

Levels and vault maps discovered:
D:1:      minmay_arrival_cross, layout_loops_corners, serial_park_tiny_pond,
          minmay_misc_feat_rugged
D:2:      layout_loops_corners, serial_shops, shop, serial_bayou_pond_d,
          uniq_terence
D:3:      layout_basic, hellmonk_ecumenical_altar_crossroads, uniq_robin,
          uniq_natasha
D:4:      layout_loops_ring, minmay_temple_entry_trees, moated_statue,
          minmay_hedge_maze, minmay_misc_feat_iff, uniq_sigmund, uniq_grinder
D:5:      layout_cave_pods, fedhas_ov_isle_minmay, uniq_edmund, uniq_menkaure,
          uniq_eustachio, uniq_blork_the_orc
D:6:      lemuel_castle_with_subvaults [lemuel_castle_interior_carwin_1],
          layout_cave_pods
D:7:      layout_gridville, hellmonk_ghost_happy_afterlife, uniq_pikel,
          uniq_prince_ribbit1
D:8:      layout_rooms, lair_entry_dummy, nicolae_shop_dragon_depot,
          uniq_joseph, uniq_psyche
D:9:      layout_cave_pods, grunt_decor_junction, hive_lemuel, uniq_gastronok,
          uniq_erolcha
Abyss:2:  base:
D:8

Skill      XL: |  1  2  3  4  5  6  7  8  9 10 11 |
---------------+----------------------------------+-----
Armour         | 1 2 3 5 7 |  7.3
Maces & Flails | 4 5 6 8 10 13 14 | 14.0
Fighting       | 4 5 6 7 |  7.3
Throwing       | 1 |  1.9
Dodging        | 3 |  3.3
Evocations     | 3 |  3.4
Shields        | 3 5 |  5.0
Invocations    | 3 |  3.4
Stealth        | |  2.1

Action                   |  1- 3 |  4- 6 |  7- 9 | 10-12 || total
-------------------------+-------+-------+-------+-------++-------
Melee: Mace              |    14 |       |       |       ||    14
       Whip              |    74 |   132 |   234 |   193 ||   633
       Punch             |     1 |     1 |     1 |     1 ||     4
       Headbutt          |       |    11 |    58 |    84 ||   153
       Flail             |       |       |       |   225 ||   225
       Unarmed           |       |       |       |     5 ||     5
Throw: Stone             |    27 |    17 |     6 |     6 ||    56
       Throwing net      |       |     1 |       |       ||     1
       Boomerang         |       |       |     1 |    21 ||    22
       Dart              |       |       |       |     2 ||     2
Invok: Whirlwind         |       |    13 |    19 |   119 ||   151
       Serpent's Lash    |       |     3 |     5 |    13 ||    21
       Lunge             |       |     2 |    25 |    44 ||    71
Evoke: Wand              |       |       |       |     3 ||     3
       Box of beasts     |       |       |       |     1 ||     1
  Use: Scroll            |       |     7 |     3 |     7 ||    17
       Potion            |       |     7 |       |     2 ||     9
 Stab: Sleeping          |     4 |     1 |       |       ||     5
       Held in net/web   |       |     1 |       |       ||     1
Armor: Robe              |    19 |       |       |       ||    19
       Leather armour    |     9 |     1 |       |       ||    10
       Ring mail         |       |    71 |     9 |       ||    80
       Scale mail        |       |       |    49 |    27 ||    76
       Skin              |       |       |     5 |     1 ||     6
       Chain mail        |       |       |       |   128 ||   128
Dodge: Dodged            |    41 |    89 |    58 |   112 ||   300
Block: Buckler           |       |       |       |    44 ||    44

Table legend: (Time is in decaauts)
 A = Elapsed time spent in this place.
 B = Non-inter-level travel time spent in this place.
 C = Inter-level travel time spent in this place.
 D = Time resting spent in this place.
 E = Time spent auto-exploring this place.
 F = Levels seen in this place.
 G = Mean time per level.
                   A        B        C        D        E       F      G
               +--------+--------+--------+--------+--------+-----+--------+
         Total |  11385 |  10979 |    406 |    897 |   7243 |  11 | 1035.0 |
       Dungeon |  11030 |  10624 |    406 |    790 |   7243 |   9 | 1225.6 |
         Abyss |    355 |    355 |      0 |    107 |      0 |   2 |  177.5 |
               +--------+--------+--------+--------+--------+-----+--------+

Top non-repeatable levels by time:
     D:6: 1968 daAuts
     D:3: 1547 daAuts
     D:2: 1390 daAuts
     D:1: 1330 daAuts
     D:5: 1214 daAuts
     D:4: 1189 daAuts
     D:7: 1088 daAuts
     D:8: 915 daAuts
     D:9: 385 daAuts
 Abyss:1: 238 daAuts
 Abyss:2: 116 daAuts
